 Dungeon Crawl Stone Soup version 0.22-a0-247-gbddf880 (webtiles) character file.

3230 JeffiDaFish the Firebug (level 9, -12/63 HPs)
             Began as a Green Draconian Fire Elementalist on Feb 27, 2018.
             Was an Initiate of Vehumet.
             Mangled by a two-headed ogre
             ... wielding a +0 giant club
              (15 damage)
             ... on level 9 of the Dungeon.
             The game lasted 00:35:19 (8295 turns).

JeffiDaFish the Firebug (DrFE)                      Turns: 8295, Time: 00:35:19

Health: -12/63     AC: 10    Str: 10 (11) XL:     9   Next: 66%
Magic:  6/20       EV: 12    Int: 16 (18) God:    Vehumet [......]
Gold:   375        SH:  3    Dex: 11 (12) Spells: 10/23 levels left

rFire    . . .     SeeInvis .   n - +1 mace (protect)
rCold    . . .     Gourm    .   (no shield)
rNeg     . . .     Faith    .   (armour unavailable)
rPois    +         Spirit   .   (helmet restricted)
rElec    .         Reflect  +   (no cloak)
rCorr    .         Harm     .   s - +1 pair of gloves
MR       .....                  (no boots)
Stlth    ++........             k - +3 amulet of reflection
HPRegen  0.20/turn              o - +1 ring of protection
MPRegen  0.17/turn              (no ring)

@: very slightly contaminated
A: breathe noxious fumes, unfitting armour, poison resistance, cold-blooded, AC
+7
a: Breathe Noxious Fumes, Renounce Religion


You were on level 9 of the Dungeon.
You worshipped Vehumet.
Vehumet was noncommittal.
You were near starving.

You visited 1 branch of the dungeon, and saw 9 of its levels.

You collected 375 gold pieces.

Inventory:

Hand Weapons
 b - a +2 flail
 n - a +1 mace of protection (weapon)
Armour
 d - a +2 buckler
 s - a +1 pair of gloves (worn)
Magical Staves
 q - an uncursed staff of power
Jewellery
 k - a +3 amulet of reflection (around neck)
 o - a +1 ring of protection (left hand)
Wands
 h - a wand of flame (61)
 j - a wand of digging (23)
 r - a wand of paralysis (13)
Scrolls
 f - 5 scrolls of identify
 g - 3 scrolls of remove curse
 i - 2 scrolls of blinking
 p - a scroll of fog
Potions
 c - a potion of cancellation
 e - 3 potions of curing
 l - 2 potions of brilliance
 m - a potion of heal wounds
Comestibles
 a - 13 rations


   Skills:
 - Level 0.4 Fighting
 - Level 1.0 Maces & Flails
 - Level 2.1 Dodging
 - Level 2.6 Stealth
 * Level 5.0 Shields
 * Level 7.7 Spellcasting
 + Level 5.6 Conjurations
 + Level 7.9 Fire Magic


You had 10 spell levels left.
You knew the following spells:

 Your Spells              Type           Power        Failure   Level  Hunger
a - Flame Tongue          Conj/Fire      ####.        1%          1    None
b - Conjure Flame         Conj/Fire      ####....     1%          3    ##.....
c - Sticky Flame          Conj/Fire      ####....     7%          4    ####...
d - Fireball              Conj/Fire      ####......   19%         5    #####..


Dungeon Overview and Level Annotations

Branches:
Dungeon (9/15)             Temple (0/1) D:7
   Lair: D:8-11         Orc: D:9-12

Altars:
Ashenzari
Elyvilon
Kikubaaqudgha
Makhleb
Trog
Vehumet
Wu Jian
Yredelemnul
Zin

Annotations:
D:3 Avernum's ghost, amateur DDFi


Innate Abilities, Weirdness & Mutations

You can breathe blasts of noxious fumes.
Your lurid green scales are hard. (AC +7)
You cannot fit into any form of body armour.
Your system is resistant to poisons. (rPois)
You are cold-blooded and may be slowed by cold attacks.


Message History

* * * LOW HITPOINT WARNING * * *
The two-headed ogre hits you with a giant club.
* * * LOW HITPOINT WARNING * * *
The crimson imp disappears for a moment.
The crimson imp hits you but does no damage.
You block the crimson imp's attack.
Casting: Sticky Flame (safe; 7% risk of failure)
Confirm with . or Enter, or press ? or * to list all spells.
Aiming: Sticky Flame (safe; 7% risk of failure)
Press: ? - help, Shift-Dir - straight line, f/p - two-headed ogre
Aim: a two-headed ogre, wielding two giant clubs The sticky flame hits the two-headed ogre.
The two-headed ogre is lightly wounded.
The two-headed ogre is covered in liquid flames!
You are near starving!
The two-headed ogre burns!
The crimson imp hits you.
* * * LOW HITPOINT WARNING * * *
The two-headed ogre barely misses you.
The two-headed ogre hits you with a giant club!
You die...

###########
#$.......?#
#..<......#
#.........#
#....5....#
#....O@<..+
#.........#
#.........#
#...<.....#
#...>.....#
##Z########
#. .. ..


You could see a two-headed ogre (burning), a crimson imp and a bullfrog skeleton
(wandering).

Vanquished Creatures
  The ghost of Calypsia the Insei, a novice OpTm of Gozag (D:7)
  The ghost of ddubois the Covert, a novice OpEn of Ru (D:5)
  Grinder (D:5)
  A steam dragon (D:9)
  2 sky beasts (D:7)
  2 phantoms
  4 ogres
  A centaur (D:7)
  3 bullfrogs
  6 scorpions
  3 killer bees (D:7)
  2 vampire bats (D:5)
  2 crimson imps
  A centaur zombie (D:5)
  A bullfrog zombie (D:8)
  A bullfrog skeleton (D:4)
  A hound (D:6)
  An orc priest (D:5)
  3 orc wizards
  Jessica (D:2)
  An iguana (D:7)
  Natasha (thrice) (D:4)
  4 worker ants
  2 hound zombies (D:6)
  A hound skeleton (D:4)
  10 adders
  3 gnolls (D:4)
  A shadow imp (D:7)
  2 oozes
  2 adder skeletons
  An adder zombie (D:5)
  8 worms
  3 dart slugs
  2 leopard geckos
  24 orcs
  6 giant cockroaches
  7 goblins
  5 hobgoblins
  5 jackals
  4 quokkas
  3 ball pythons
  11 bats
  8 frilled lizards
  7 kobolds
  A leopard gecko skeleton (D:7)
  8 rats
170 creatures vanquished.

Notes
Turn   | Place    | Note
-------+----------+-------------------------------------------
     0 | D:1      | JeffiDaFish the Draconian Fire Elementalist began the quest for the Orb.
     0 | D:1      | Reached XP level 1. HP: 14/14 MP: 3/3
   145 | D:1      | You fall through a shaft!
   298 | D:2      | Reached XP level 2. HP: 18/20 MP: 0/5
   356 | D:2      | Reached XP level 3. HP: 9/26 MP: 0/6
   405 | D:2      | Found a burning altar of Makhleb.
   421 | D:2      | HP: 1/26 [goblin (2)]
   728 | D:2      | Noticed Jessica
   734 | D:2      | Killed Jessica
   804 | D:2      | Noticed an ogre
   813 | D:2      | Killed an ogre
   813 | D:2      | Reached skill level 1 in Maces & Flails
   813 | D:2      | Reached XP level 4. HP: 16/34 MP: 0/8
   813 | D:2      | Reached XP level 5. HP: 18/39 MP: 0/9
  1243 | D:2      | Learned a level 3 spell: Conjure Flame
  1463 | D:3      | Noticed Avernum's ghost (amateur DDFi)
  1923 | D:3      | Learned a level 4 spell: Sticky Flame
  3322 | D:4      | Reached XP level 6. HP: 46/46 MP: 4/11
  3369 | D:4      | Noticed Natasha
  3376 | D:4      | Killed Natasha
  3679 | D:4      | Found an ornate altar of the Wu Jian Council.
  3682 | D:4      | Noticed Natasha
  3687 | D:4      | Killed Natasha
  3891 | D:4      | Reached skill level 5 in Fire Magic
  3931 | D:4      | HP: 1/46 [gnoll/spear (5)]
  4550 | D:4      | Noticed Natasha
  4554 | D:4      | Killed Natasha
  4588 | D:4      | Your scales start taking on a lurid green colour.
  4588 | D:4      | Reached XP level 7. HP: 38/51 MP: 9/13
  4588 | D:4      | Gained mutation: Your system is resistant to poisons. (rPois) [Green Draconian growth]
  4629 | D:5      | Entered Level 5 of the Dungeon
  5270 | D:5      | Noticed ddubois's ghost (novice OpEn)
  5305 | D:5      | Killed ddubois's ghost
  5305 | D:5      | Reached skill level 5 in Spellcasting
  5305 | D:5      | Reached XP level 8. HP: 40/58 MP: 2/16
  5491 | D:5      | Learned a level 5 spell: Fireball
  5497 | D:5      | Found the +4 Vampire's Tooth {vamp}
  5514 | D:5      | Noticed Grinder
  5525 | D:5      | Paralysed by Grinder for 2 turns
  5531 | D:5      | Killed Grinder
  6115 | D:6      | Reached skill level 1 in Shields
  6274 | D:6      | Found a basalt altar of Yredelemnul.
  6386 | D:6      | Found a bloodstained altar of Trog.
  6397 | D:6      | Found an ancient bone altar of Kikubaaqudgha.
  6446 | D:6      | Found a glowing silver altar of Zin.
  6582 | D:6      | Found a radiant altar of Vehumet.
  6597 | D:6      | Became a worshipper of Vehumet
  6673 | D:6      | Found a shattered altar of Ashenzari.
  6864 | D:6      | Found a white marble altar of Elyvilon.
  7031 | D:7      | Reached XP level 9. HP: 60/63 MP: 9/19
  7110 | D:7      | Reached skill level 5 in Conjurations
  7117 | D:7      | Found a staircase to the Ecumenical Temple.
  7137 | D:7      | Noticed Calypsia's ghost (novice OpTm)
  7149 | D:7      | Killed Calypsia's ghost
  7443 | D:7      | Paralysed by an orc for 6 turns
  8268 | D:9      | Reached skill level 5 in Shields
  8290 | D:9      | Noticed a two-headed ogre
  8295 | D:9      | HP: 3/63 [crimson imp (1)]
  8295 | D:9      | Mangled by a two-headed ogre

Vault maps used:
D:1:      lightli_arrival_statue_moat, minmay_misc_feat_tiny
D:2:      bloody_makhleb, uniq_jessica
D:3:      minmay_misc_feat_secret_circle
D:4:      lemuel_doored_altar, uniq_natasha
D:5:      first_ration, gup_sewer_entry_glass,
          minmay_guarded_unrand_vampires_tooth, uniq_grinder
D:6:      kennysheep_ying_yang, nicolae_ashenzari_panopticon,
          minmay_overflow_temple_star_quad, vehumet_altar_wand_db
D:7:      temple_statues, grunt_ogre_cave
D:8:      minmay_klotski, grunt_temple_overflow_opulence, uniq_psyche

Skill      XL: |  1  2  3  4  5  6  7  8  9 |
---------------+----------------------------+-----
Stealth        | 2 |  2.6
Dodging        | 2 |  2.1
Maces & Flails | 1 |  1.0
Fire Magic     | 4 5 6 7 |  7.9
Spellcasting   | 3 4 5 6 7 |  7.7
Conjurations   | 2 3 4 5 |  5.6
Shields        | 2 5 |  5.0
Fighting       | |  0.4

Action                   |  1- 3 |  4- 6 |  7- 9 || total
-------------------------+-------+-------+-------++-------
Melee: Unarmed           |    11 |       |       ||    11
       Flail             |    34 |   130 |   109 ||   273
       Tailslap          |     3 |    12 |    16 ||    31
       Mace              |       |       |   134 ||   134
 Cast: Flame Tongue      |    29 |    97 |    79 ||   205
       Conjure Flame     |       |     4 |     1 ||     5
       Sticky Flame      |       |     6 |    41 ||    47
 Abil: Breathe Noxious F |       |       |     2 ||     2
  Use: Potion            |     3 |     2 |     4 ||     9
       Scroll            |     1 |     7 |     8 ||    16
 Stab: Sleeping          |       |     3 |     1 ||     4
  Eat: Chunk             |       |    14 |    12 ||    26
       Ration            |       |       |     2 ||     2
Armor: Skin              |    14 |    79 |   150 ||   243
Dodge: Dodged            |    36 |   164 |   203 ||   403
Block: Other             |       |       |    26 ||    26

Table legend:
 A = Spawn XP
 B = Non-spawn XP
 C = Spawn XP percentage of total XP
 D = Spawn monster count
 E = Non-spawn monster count
 F = Spawn count percentage of total count
 G = Total turns spent on level
                    A         B        C        D         E        F      G
               +---------+---------+-------+---------+---------+-------+---------
         Total |       0 |    4615 |   0.0 |       0 |     170 |   0.0 |  8295
               +---------+---------+-------+---------+---------+-------+---------
           D:1 |       0 |       6 |   0.0 |       0 |       2 |   0.0 |   145
           D:2 |       0 |     230 |   0.0 |       0 |      28 |   0.0 |  1994
           D:3 |       0 |     130 |   0.0 |       0 |      35 |   0.0 |   979
           D:4 |       0 |     374 |   0.0 |       0 |      24 |   0.0 |  1511
           D:5 |       0 |    1309 |   0.0 |       0 |      34 |   0.0 |  1440
           D:6 |       0 |     691 |   0.0 |       0 |      20 |   0.0 |   932
           D:7 |       0 |    1552 |   0.0 |       0 |      24 |   0.0 |  1158
           D:8 |       0 |      43 |   0.0 |       0 |       1 |   0.0 |    99
           D:9 |       0 |     280 |   0.0 |       0 |       2 |   0.0 |    37
               +---------+---------+-------+---------+---------+-------+---------
